[Event "ICC tourney 3232 (40 10)"]
[Site "Internet Chess Club"]
[Date "2023.07.08"]
[Round "2"]
[White "Cao, Frank Zhongtian:FrankCao"]
[Black "HANKE, HARVEY:ThinkingPanda"]
[Result "0-1"]
[ICCResult "White checkmated"]
[WhiteElo "1791"]
[BlackElo "2026"]
[Opening "Ruy Lopez: Schliemann defense"]
[ECO "C63"]
[NIC "RL.06"]
[Time "13:15:27"]
[PlyCount "70"]
[TimeControl "2400+10"]

1. e4 e5 2. Nf3 Nc6 3. Bb5 f5 4. d3 fxe4 5. dxe4 Nf6 6. Nc3 Bb4 7. Qd3 Bxc3+
8. bxc3 d6 9. O-O O-O 10. Qc4+ Kh8 11. Bxc6 bxc6 12. Qxc6 Rb8 13. Qc4 Nh5
14. Bg5 Qd7 15. Rfd1 Re8 16. Rab1 Bb7 17. Be3 Nf4 18. Bxf4 exf4 19. Re1 Qe7
20. Qd4 c5 21. Qa4 a6 22. Qc4 Qc7 23. h3 Rbc8 24. Ng5 h6 25. Nf7+ Kh7 26.
Nxd6 Qxd6 27. Rxb7 Qg6 28. Qf7 Qg5 29. f3 Rf8 30. Qe7 Qg3 31. Rd1 Rf6 32.
Rdd7 Rg6 33. Rd2 Qe1+ 34. Kh2 Qxd2 35. Qd7 Qxg2# {White checkmated} 0-1

[Event "ICC tourney 3232 (40 10)"]
[Site "Internet Chess Club"]
[Date "2023.07.08"]
[Round "2"]
[White "YUAN, SERENA:doudou2011"]
[Black "WU, JAYDEN:SparkyNinja"]
[Result "1-0"]
[ICCResult "Black resigns"]
[WhiteElo "1885"]
[BlackElo "2047"]
[Opening "Queen's pawn game, Darooha variation "]
[ECO "D02"]
[NIC "QP.06"]
[Time "13:15:23"]
[PlyCount "115"]
[TimeControl "2400+10"]

1. d4 Nf6 2. Nf3 d5 3. c4 e6 4. g3 Bb4+ 5. Bd2 Be7 6. Bg2 O-O 7. O-O c6 8.
Qc2 b6 9. Bf4 Bb7 10. Rd1 Nbd7 11. Ne5 Nxe5 12. dxe5 Nd7 13. h4 Rc8 14. Qd2
Qc7 15. e4 dxc4 16. Qe2 b5 17. b3 cxb3 18. axb3 a6 19. Nd2 Rfd8 20. Nf3 Nf8
21. Bd2 c5 22. Rdc1 Qb8 23. Ba5 Rd7 24. Kh2 Bd8 25. Bd2 Bb6 26. Be3 Ba7 27.
Ra2 Ng6 28. h5 Nxe5 29. Nxe5 Qxe5 30. Bf4 Qf6 31. e5 Qd8 32. Bxb7 Rxb7 33.
Rxa6 c4 34. Rd6 Qe8 35. bxc4 bxc4 36. Rxc4 Rxc4 37. Qxc4 Bxf2 38. Bg5 Rb8
39. h6 Bb6 40. hxg7 Bd8 41. Bf6 Be7 42. Rc6 Bxf6 43. exf6 e5 44. Rc7 Qe6 45.
Qxe6 fxe6 46. Kg2 e4 47. Kf2 h6 48. Ke3 Kh7 49. Kxe4 Kg6 50. Ke5 Rb5+ 51.
Kxe6 Rb6+ 52. Ke7 Rb8 53. Rd7 Rg8 54. Rd8 Rxd8 55. Kxd8 Kf7 56. Kd7 h5 57.
Kd6 h4 58. gxh4 {Black resigns} 1-0

[Event "ICC tourney 3232 (40 10)"]
[Site "Internet Chess Club"]
[Date "2023.07.08"]
[Round "3"]
[White "MARKOVIC, GORAN:Goran21"]
[Black "HO, COOPER:arsenicblast"]
[Result "0-1"]
[ICCResult "White checkmated"]
[WhiteElo "2049"]
[BlackElo "2212"]
[Opening "Sicilian: Anderssen variation"]
[ECO "B41"]
[NIC "SI.41"]
[Time "15:30:15"]
[PlyCount "76"]
[TimeControl "2400+10"]

1. e4 c5 2. Nf3 e6 3. d4 cxd4 4. Nxd4 Nf6 5. Nc3 Nc6 6. Be2 Bb4 7. Nxc6 bxc6
8. e5 Nd5 9. Bd2 O-O 10. Ne4 Bxd2+ 11. Qxd2 f5 12. Nd6 a5 13. c4 Ne7 14. f4
Ba6 15. O-O c5 16. Kh1 Nc6 17. Bf3 Qb6 18. Bxc6 Qxc6 19. b3 a4 20. Rad1 Rfd8
21. Rf3 axb3 22. axb3 Bb7 23. Rd3 Ra7 24. h3 Ba8 25. Nb5 Ra6 26. Rd6 Qb7 27.
Rxa6 Qxa6 28. Qf2 Qc6 29. Rd6 Qe4 30. Nc3 Qb7 31. Na4 Qxb3 32. Nxc5 Qxc4 33.
Nxe6 Rb8 34. Nxg7 Qc1+ 35. Qg1 Qc2 36. Kh2 Rb1 37. Rd2 Qxd2 38. Qxb1 Qxg2#
{White checkmated}
0-1

[Event "ICC tourney 3232 (40 10)"]
[Site "Internet Chess Club"]
[Date "2023.07.08"]
[Round "3"]
[White "Tang, Austin:Mrpeetapizza"]
[Black "Yang, Daniel:danielbest"]
[Result "1-0"]
[ICCResult "Black checkmated"]
[WhiteElo "2056"]
[BlackElo "1997"]
[Opening "Sicilian: Najdorf, 7...Be7 main line"]
[ECO "B99"]
[NIC "SI.09"]
[Time "15:30:09"]
[PlyCount "77"]
[TimeControl "2400+10"]

1. e4 c5 2. Nf3 d6 3. d4 cxd4 4. Nxd4 Nf6 5. Nc3 a6 6. Bg5 e6 7. f4 Be7 8.
Qf3 Nbd7 9. O-O-O Qc7 10. g4 b5 11. Bxf6 gxf6 12. g5 fxg5 13. fxg5 Bxg5+ 14.
Kb1 Be7 15. Bh3 Nf6 16. a3 Qb7 17. Rhg1 Bd7 18. Rg7 Rf8 19. e5 Qxf3 20. Nxf3
dxe5 21. Nxe5 Rd8 22. Bg2 Bc5 23. Ne4 Nxe4 24. Bxe4 Ke7 25. Rxh7 Bd6 26.
Ng6+ Ke8 27. Rxd6 Rg8 28. Ne5 Ke7 29. Rxd7+ Rxd7 30. Rxf7+ Kd6 31. Nxd7 Rg4
32. Bd3 a5 33. Bxb5 a4 34. Rh7 Rg1+ 35. Ka2 e5 36. Rh6+ Kd5 37. Rh5 Re1 38.
Rxe5+ Kd4 39. c3# {Black checkmated} 1-0

[Event "ICC tourney 3232 (40 10)"]
[Site "Internet Chess Club"]
[Date "2023.07.08"]
[Round "3"]
[White "Goins, John Lucian:LChessMaster"]
[Black "POWER, SEAN K:KnightHopper"]
[Result "0-1"]
[ICCResult "White checkmated"]
[WhiteElo "1567"]
[BlackElo "1944"]
[Opening "QGD semi-Slav: Meran, Wade variation"]
[ECO "D47"]
[NIC "SL.09"]
[Time "15:30:30"]
[PlyCount "182"]
[TimeControl "2400+10"]

1. d4 d5 2. c4 c6 3. Nc3 Nf6 4. Nf3 e6 5. e3 Nbd7 6. Bd3 dxc4 7. Bxc4 b5 8.
Bd3 Bb7 9. Bd2 a6 10. O-O c5 11. dxc5 Bxc5 12. Ne2 Bxf3 13. gxf3 Ne5 14. Be4
Nxe4 15. fxe4 Nf3+ 16. Kg2 Nxd2 17. Rg1 Nxe4 18. Qc2 Qd5 19. Nf4 Qc4 20.
Qxc4 bxc4 21. Kf3 Nd6 22. Rxg7 Ke7 23. Rg5 Ba7 24. Ra5 Bb6 25. Re5 Kf6 26.
Rh5 Bc7 27. Rc5 Rac8 28. Rc6 a5 29. Rc1 Ke7 30. b3 Kd7 31. Ra6 cxb3 32. axb3
Ra8 33. Rac6 Rhc8 34. Nh5 Bd8 35. Rxc8 Rxc8 36. Rb1 Rb8 37. Nf4 Be7 38. Nd3
Nc4 39. Ke2 Na3 40. Rb2 Rc8 41. b4 axb4 42. Nxb4 Rb8 43. Rd2+ Bd6 44. Nd3
Ke7 45. Ra2 Rc8 46. Kf3 Rc2 47. Ra1 Nc4 48. Ra7+ Kf6 49. Ne1 Ne5+ 50. Kg2
Rc1 51. Ra6 Bc7 52. Ra7 Rxe1 53. Rxc7 Rd1 54. Rb7 Rd2 55. Kg3 Nd3 56. Rd7
Rd1 57. Rd4 Rg1+ 58. Kf3 Ne5+ 59. Ke2 Rg4 60. Rd1 Rh4 61. Rh1 h5 62. h3 Kf5
63. f4 Ng6 64. Kf3 e5 65. e4+ Kf6 66. f5 Rf4+ 67. Ke3 Nh4 68. Rh2 Kg5 69.
Rh1 Rf3+ 70. Ke2 Kf4 71. Ra1 Rxh3 72. Ra7 Kxe4 73. f6 Rh2+ 74. Kd1 Ng6 75.
Rxf7 Rf2 76. Rh7 Rxf6 77. Rxh5 Nf4 78. Rh4 Kd3 79. Rh2 e4 80. Rd2+ Ke3 81.
Ra2 Rd6+ 82. Ke1 Nd3+ 83. Kf1 Kf3 84. Ra8 e3 85. Rf8+ Nf4 86. Ke1 e2 87. Rd8
Nd3+ 88. Kd2 e1=Q+ 89. Kc2 Rxd8 90. Kb3 Qc1 91. Ka2 Qb2# {White checkmated}
0-1

[Event "ICC tourney 3232 (40 10)"]
[Site "Internet Chess Club"]
[Date "2023.07.08"]
[Round "3"]
[White "Cao, Frank Zhongtian:FrankCao"]
[Black "KOEHL, EVAN:MacAndSneeze"]
[Result "0-1"]
[ICCResult "White forfeits on time"]
[WhiteElo "1791"]
[BlackElo "2031"]
[Opening "Caro-Kann: exchange variation"]
[ECO "B13"]
[NIC "CK.02"]
[Time "15:30:41"]
[PlyCount "72"]
[TimeControl "2400+10"]

1. e4 c6 2. d4 d5 3. exd5 cxd5 4. Bd3 Nc6 5. c3 Nf6 6. h3 e6 7. Bf4 Bd6 8.
Bxd6 Qxd6 9. Nf3 Rb8 10. a4 O-O 11. O-O Bd7 12. Re1 a6 13. Qe2 Ne7 14. Nbd2
Rfc8 15. Ne5 Ng6 16. Nxg6 hxg6 17. Nf3 b5 18. Ne5 Be8 19. f4 Rc7 20. g4 Rcb7
21. a5 Ra7 22. b4 Rc7 23. Ra3 Rbc8 24. Rc1 Bc6 25. Kf2 Ne4+ 26. Bxe4 dxe4
27. Qe3 Bd5 28. Ke1 Kf8 29. Kd2 Ke7 30. Rc2 Rh8 31. Kc1 Rcc8 32. Kb2 Rh4 33.
Rh2 Rch8 34. Qg3 Qb8 35. Ra1 R8h7 36. g5 Qh8 {White forfeits on time} 0-1

[Event "ICC tourney 3232 (40 10)"]
[Site "Internet Chess Club"]
[Date "2023.07.08"]
[Round "3"]
[White "Volkov, Sergey:Volkov"]
[Black "CHEN, RYO WENYU:e4f5"]
[Result "1-0"]
[ICCResult "Black resigns"]
[WhiteElo "2501"]
[BlackElo "2288"]
[Opening "King's Indian: Gligoric-Taimanov system"]
[ECO "E92"]
[NIC "KI.18"]
[Time "15:30:18"]
[PlyCount "115"]
[TimeControl "2400+10"]

1. d4 Nf6 2. c4 g6 3. Nc3 Bg7 4. e4 d6 5. Nf3 O-O 6. Be2 e5 7. Be3 exd4 8.
Nxd4 Re8 9. f3 c6 10. Bf2 d5 11. exd5 cxd5 12. O-O Nc6 13. c5 Bf8 14. Nb3 d4
15. Nxd4 Bxc5 16. Nxc6 Bxf2+ 17. Rxf2 bxc6 18. Qxd8 Rxd8 19. Rc1 Be6 20. b3
Rd2 21. Bf1 Rad8 22. Rc2 Rxc2 23. Rxc2 Bf5 24. Rb2 Rd4 25. Kf2 Nd5 26. Nxd5
Rxd5 27. g4 Be6 28. Bc4 Rd6 29. Bxe6 Rxe6 30. Rd2 c5 31. Rc2 Re5 32. f4 Rd5
33. Ke3 Kf8 34. Ke4 Rd4+ 35. Ke5 g5 36. f5 Kg7 37. h3 Rd3 38. Rxc5 Re3+ 39.
Kd5 Rxh3 40. Ra5 Rd3+ 41. Kc5 Rd7 42. Ra6 f6 43. b4 h5 44. gxh5 g4 45. b5
Kh6 46. Rxf6+ Kxh5 47. Rf8 Rc7+ 48. Kd6 Rc2 49. a4 Ra2 50. Rg8 Rxa4 51. f6
Rf4 52. Ke6 a6 53. f7 axb5 54. f8=Q Rxf8 55. Rxf8 g3 56. Rg8 Kh4 57. Kf5 Kh3
58. Kf4 {Black resigns} 1-0

[Event "ICC tourney 3232 (40 10)"]
[Site "Internet Chess Club"]
[Date "2023.07.08"]
[Round "3"]
[White "WU, WILLIAM:chessw23"]
[Black "Meng, Joshua:jmichess"]
[Result "0-1"]
[ICCResult "White resigns"]
[WhiteElo "2161"]
[BlackElo "1993"]
[Opening "Bird: From gambit"]
[ECO "A02"]
[NIC "VO.07"]
[Time "15:30:07"]
[PlyCount "70"]
[TimeControl "2400+10"]

1. f4 e5 2. fxe5 d6 3. exd6 Bxd6 4. Nf3 Nf6 5. Nc3 O-O 6. g3 Nc6 7. Bg2 Bg4
8. O-O Re8 9. d3 h6 10. e4 Nd4 11. Ne2 Bc5 12. Nexd4 Bxd4+ 13. Kh1 Qe7 14.
h3 Bxf3 15. Qxf3 Nh7 16. c3 Bb6 17. Bf4 Rad8 18. Rad1 Ng5 19. Bxg5 hxg5 20.
e5 Rf8 21. d4 Qe6 22. Qh5 c5 23. Qxg5 cxd4 24. Rf6 dxc3 25. Rdf1 Qxa2 26.
Be4 Rd2 27. Qf5 Rfd8 28. Rxf7 Rf2 29. Rxf2 Bxf2 30. Qxf2 Qxf7 31. Bh7+ Kf8
32. Qc5+ Ke8 33. Qb5+ Qd7 34. Bg6+ Kf8 35. Qb4+ Kg8 {White resigns} 0-1

[Event "ICC tourney 3232 (40 10)"]
[Site "Internet Chess Club"]
[Date "2023.07.08"]
[Round "3"]
[White "DARINI, POURIA:Fighterman"]
[Black "Belous, Vladimir:Openyagami"]
[Result "0-1"]
[ICCResult "White forfeits on time"]
[WhiteElo "2462"]
[BlackElo "2599"]
[Opening "Sicilian: Nimzovich-Rossolimo attack (with ...g6, without ...d6)"]
[ECO "B31"]
[NIC "SI.31"]
[Time "15:30:17"]
[PlyCount "114"]
[TimeControl "2400+10"]

1. e4 c5 2. Nf3 Nc6 3. Bb5 g6 4. O-O Bg7 5. d3 e5 6. a3 Nge7 7. b4 Nd4 8.
Nxd4 cxd4 9. f4 O-O 10. fxe5 Bxe5 11. Bg5 d5 12. Nd2 f6 13. Bh6 Rf7 14. Nf3
Bg4 15. h3 Bxf3 16. Qxf3 dxe4 17. Qxe4 Nf5 18. Rxf5 gxf5 19. Qxf5 Kh8 20.
Bc4 Re7 21. Rf1 Qe8 22. g4 Qg6 23. g5 Qxf5 24. Rxf5 fxg5 25. Bxg5 Rg7 26.
Rxe5 h6 27. h4 hxg5 28. hxg5 Kh7 29. Bd5 Kg6 30. Kf2 Rc8 31. Kg3 Rxc2 32.
Be4+ Kf7 33. Bxb7 Rc3 34. Be4 Rxa3 35. Kf4 Ra1 36. g6+ Kf6 37. Rf5+ Ke6 38.
Re5+ Kf6 39. Rf5+ Ke6 40. Re5+ Kf6 41. Rd5 Rf1+ 42. Kg4 Rg8 43. Rxd4 Rf8 44.
Rd6+ Ke7 45. Rd5 Rg1+ 46. Kh4 Rh8+ 47. Rh5 Rxh5+ 48. Kxh5 Kf6 49. Kh6 Rg5
50. Kh7 Rb5 51. Kh8 Rb8+ 52. Kh7 Rd8 53. b5 Re8 54. Bf3 Re7+ 55. Kh6 Re5 56.
Bh5 Rxb5 57. d4 Rg5 {White forfeits on time} 0-1

[Event "ICC tourney 3232 (40 10)"]
[Site "Internet Chess Club"]
[Date "2023.07.08"]
[Round "3"]
[White "LOCHAM, DIVJOT SINGH:winner08"]
[Black "POTHURI, ABHIRAM SAI:chessasp"]
[Result "0-1"]
[ICCResult "White resigns"]
[WhiteElo "1868"]
[BlackElo "2079"]
[Opening "Sicilian: Nimzovich-Rossolimo attack (with ...g6, without ...d6)"]
[ECO "B31"]
[NIC "SI.31"]
[Time "15:31:37"]
[PlyCount "83"]
[TimeControl "2400+10"]

1. e4 c5 2. Nf3 Nc6 3. Bb5 g6 4. O-O Bg7 5. c3 e5 6. d3 Nge7 7. Be3 d6 8. d4
cxd4 9. cxd4 O-O 10. d5 Nb8 11. Nc3 h6 12. Qd2 Kh7 13. Nh4 g5 14. Nf3 Ng6
15. g3 Bh3 16. Rfe1 g4 17. Nh4 Nxh4 18. gxh4 Qxh4 19. Ne2 Qf6 20. Ng3 Nd7
21. Nf5 Rfd8 22. Rac1 a6 23. Ba4 Nf8 24. Bd1 Rdc8 25. Be2 b5 26. Bf1 Ng6 27.
Bxh3 gxh3 28. f3 Nh4 29. Nxh4 Qxh4 30. Bf2 Qf6 31. Qe3 Rxc1 32. Rxc1 Qg6+
33. Bg3 h5 34. Kf2 h4 35. Bxh4 Qg2+ 36. Ke1 Bh6 37. f4 Bxf4 38. Qc3 Qg1+ 39.
Ke2 Qxc1 40. Qf3 Qd2+ 41. Kf1 Qg2+ 42. Qxg2 {White resigns} 0-1

[Event "ICC tourney 3232 (40 10)"]
[Site "Internet Chess Club"]
[Date "2023.07.08"]
[Round "3"]
[White "WU, JAYDEN:SparkyNinja"]
[Black "Udeshi, Rishabh:rishabhchess"]
[Result "1-0"]
[ICCResult "Black resigns"]
[WhiteElo "2047"]
[BlackElo "1588"]
[Opening "Caro-Kann: classical, Spassky variation"]
[ECO "B19"]
[NIC "CK.12"]
[Time "15:30:07"]
[PlyCount "113"]
[TimeControl "2400+10"]

1. e4 c6 2. d4 d5 3. Nc3 dxe4 4. Nxe4 Bf5 5. Ng3 Bg6 6. h4 h6 7. Nf3 Nd7 8.
h5 Bh7 9. Bd3 Bxd3 10. Qxd3 Ngf6 11. Bf4 e6 12. O-O-O Qb6 13. Kb1 O-O-O 14.
Ne4 Nxe4 15. Qxe4 Nf6 16. Qe2 Bd6 17. Bxd6 Rxd6 18. Ne5 Qc7 19. f4 Rhd8 20.
c3 Kb8 21. g4 Nd5 22. Qf3 f6 23. Nd3 b6 24. Qf2 c5 25. g5 c4 26. Nc1 hxg5
27. fxg5 fxg5 28. Rdg1 b5 29. Rxg5 b4 30. Ne2 bxc3 31. bxc3 Rb6+ 32. Ka1 Qe7
33. Rgg1 Qa3 34. Rb1 Nxc3 35. Rxb6+ axb6 36. Qg3+ Kb7 37. Qxc3 Qxc3+ 38.
Nxc3 Rxd4 39. Kb2 Kc6 40. Rg1 Rh4 41. Rg5 Rh2+ 42. Ka3 Rc2 43. Kb4 b5 44.
Rc5+ Kd6 45. Nxb5+ Ke7 46. a4 Kf6 47. Rxc4 Rb2+ 48. Kc5 Ra2 49. Kb6 Kg5 50.
Rc5+ Kf4 51. a5 e5 52. a6 e4 53. a7 e3 54. Nc3 e2 55. Nxe2+ Ke3 56. Ra5 Rb2+
57. Kc7 {Black resigns} 1-0

[Event "ICC tourney 3232 (40 10)"]
[Site "Internet Chess Club"]
[Date "2023.07.08"]
[Round "3"]
[White "HANKE, HARVEY:ThinkingPanda"]
[Black "Vittal, Sanjana:MCTS13"]
[Result "0-1"]
[ICCResult "White checkmated"]
[WhiteElo "2026"]
[BlackElo "2164"]
[Opening "KGA: Cunningham, Euwe defense"]
[ECO "C35"]
[NIC "KG.02"]
[Time "15:30:20"]
[PlyCount "122"]
[TimeControl "2400+10"]

1. e4 e5 2. f4 exf4 3. Nf3 Be7 4. Bc4 Nf6 5. e5 Ng4 6. O-O O-O 7. d4 d5 8.
Bd3 Ne3 9. Bxe3 fxe3 10. Qe2 c5 11. c3 Nc6 12. Qxe3 cxd4 13. cxd4 Nb4 14.
Nc3 Nxd3 15. Qxd3 Be6 16. Rac1 Rc8 17. Qb5 b6 18. Qa6 Qd7 19. Nb5 Bf5 20.
Rxc8 Rxc8 21. Qxa7 Qxb5 22. Qxe7 Qxb2 23. Ng5 Qxd4+ 24. Kh1 Bg6 25. e6 Qf6
26. exf7+ Bxf7 27. Qxf7+ Qxf7 28. Nxf7 Rf8 29. Rd1 Rxf7 30. Kg1 Rd7 31. Kf2
Kf7 32. Rd2 Ke6 33. Ke3 Kd6 34. Rb2 Ke5 35. Rxb6 Ra7 36. Rb2 Ra3+ 37. Ke2
Ke4 38. Kd2 d4 39. Ke2 Ra6 40. Kd2 Rg6 41. Ke1 Rh6 42. h3 Rg6 43. Kd1 d3 44.
Rb4+ Ke3 45. Rb2 Rf6 46. Ke1 g5 47. a4 g4 48. a5 g3 49. a6 Rxa6 50. Rb1 Rf6
51. Rb3 Rf2 52. Rb7 d2+ 53. Kd1 Rf1+ 54. Kc2 d1=Q+ 55. Kc3 Qc1+ 56. Kb3 Qb1+
57. Kc4 Qxb7 58. Kc5 Rd1 59. Kc4 Qc6+ 60. Kb3 Rb1+ 61. Ka3 Qa6#
{White checkmated}
0-1

[Event "ICC tourney 3232 (40 10)"]
[Site "Internet Chess Club"]
[Date "2023.07.08"]
[Round "3"]
[White "QUIRKE, JEFFREY L:PawnEatingZombi"]
[Black "OPASKA, MICHAEL:mopaska1106"]
[Result "1/2-1/2"]
[ICCResult "Game drawn by mutual agreement"]
[WhiteElo "2180"]
[BlackElo "2032"]
[Opening "QGD: Charousek (Petrosian) variation"]
[ECO "D31"]
[NIC "QP.08"]
[Time "15:30:17"]
[PlyCount "95"]
[TimeControl "2400+10"]

1. d4 d5 2. c4 e6 3. Nc3 Be7 4. cxd5 exd5 5. Bf4 Nf6 6. e3 O-O 7. Bd3 c6 8.
h3 Bd6 9. Nge2 Re8 10. Qc2 h6 11. g4 b5 12. Kf1 a5 13. Rc1 a4 14. Bxd6 Qxd6
15. Nxb5 Qe7 16. Nbc3 a3 17. bxa3 Qxa3 18. Kg2 Na6 19. Nb1 Qa5 20. a3 Bd7
21. Nd2 Reb8 22. Ra1 c5 23. Rhb1 c4 24. Bf5 Ba4 25. Qc3 Qd8 26. Bc2 Nc7 27.
Rxb8 Qxb8 28. Rb1 Qa7 29. Ra1 Qa6 30. Qb2 Nb5 31. Bxa4 Qxa4 32. Nc3 Nxc3 33.
Qxc3 Rb8 34. Rb1 Rxb1 35. Nxb1 Qd1 36. Qb2 Ne4 37. f3 Nf6 38. Nc3 Qd3 39.
Qc1 g5 40. a4 Ne8 41. a5 Nc7 42. Qb1 Qd2+ 43. Kg3 Qxc3 44. Qb8+ Kg7 45. Qxc7
Qe1+ 46. Kg2 Qe2+ 47. Kg3 Qe1+ 48. Kg2 {Game drawn by mutual agreement}
1/2-1/2

[Event "ICC tourney 3232 (40 10)"]
[Site "Internet Chess Club"]
[Date "2023.07.08"]
[Round "3"]
[White "YUAN, SERENA:doudou2011"]
[Black "TANG, ZOEY:WonderZ"]
[Result "1-0"]
[ICCResult "Black resigns"]
[WhiteElo "1885"]
[BlackElo "2278"]
[Opening "Queen's pawn game, Darooha variation "]
[ECO "D11"]
[NIC "QP.08"]
[Time "15:30:19"]
[PlyCount "129"]
[TimeControl "2400+10"]

1. d4 d5 2. Nf3 Nf6 3. c4 c6 4. Qc2 g6 5. g3 Bg7 6. Bg2 O-O 7. O-O Ne4 8.
Nc3 Nxc3 9. Qxc3 dxc4 10. Qxc4 b5 11. Qc2 Bb7 12. Rd1 Nd7 13. Bf4 Qb6 14.
Rac1 Rac8 15. Be3 Rfd8 16. b4 Nf6 17. a3 Ng4 18. h3 Nxe3 19. fxe3 e5 20. Qc5
Bh6 21. Kf2 exd4 22. Nxd4 Re8 23. Rd3 Qd8 24. Bf3 Qf6 25. Qxa7 Rc7 26. Nxb5
Rd7 27. Rcd1 cxb5 28. Rxd7 Bxe3+ 29. Qxe3 Rxe3 30. Kxe3 Qe6+ 31. Kf2 Bxf3
32. exf3 Qxh3 33. f4 h5 34. Rd8+ Kg7 35. R8d3 h4 36. gxh4 Qxh4+ 37. Kf3 Qh2
38. R1d2 Qh1+ 39. Kg3 Qe1+ 40. Kf3 Qg1 41. Rd1 Qh2 42. R1d2 Qh4 43. Ke3 Qg3+
44. Ke4 f5+ 45. Ke5 Qe1+ 46. Kd6 Qe4 47. Rd4 Qa8 48. Kc5 Qxa3 49. Rd7+ Kg8
50. Kxb5 Qf3 51. Rc2 Qf1+ 52. Ka5 Qa1+ 53. Kb6 Qa8 54. Rcc7 Qb8+ 55. Rb7 Qe8
56. Rg7+ Kf8 57. Rh7 Qe6+ 58. Ka5 Qa2+ 59. Kb5 Qd5+ 60. Ka6 Qa2+ 61. Kb6
Qe6+ 62. Ka7 Qe3+ 63. Ka8 Qa3+ 64. Kb8 Qc3 65. Rhc7 {Black resigns} 1-0

[Event "ICC tourney 3232 (40 10)"]
[Site "Internet Chess Club"]
[Date "2023.07.08"]
[Round "4"]
[White "Udeshi, Rishabh:rishabhchess"]
[Black "MARKOVIC, GORAN:Goran21"]
[Result "0-1"]
[ICCResult "White resigns"]
[WhiteElo "1588"]
[BlackElo "2049"]
[Opening "King's Indian: orthodox, Aronin-Taimanov variation (Yugoslav attack / Mar del Plata variation)"]
[ECO "E97"]
[NIC "KI.15"]
[Time "17:45:45"]
[PlyCount "128"]
[TimeControl "2400+10"]

1. d4 Nf6 2. c4 g6 3. Nc3 Bg7 4. e4 d6 5. Nf3 O-O 6. Be2 e5 7. O-O Nc6 8.
Bg5 h6 9. Be3 Ng4 10. Qd2 Nxe3 11. fxe3 exd4 12. exd4 Bg4 13. d5 Bxf3 14.
dxc6 Bxe2 15. cxb7 Rb8 16. Nxe2 Rxb7 17. Rab1 Re8 18. Qd5 c6 19. Qxc6 Rxb2
20. Rxb2 Bxb2 21. Qb7 Qb6+ 22. Qxb6 axb6 23. Rb1 Ba3 24. Ng3 h5 25. h4 Rc8
26. Rb3 Bc5+ 27. Kh2 Ra8 28. Rb2 Bd4 29. Rd2 Be5 30. Rd3 Rxa2 31. Kg1 Bxg3
32. Rxg3 Rc2 33. Rb3 Rxc4 34. Rxb6 Rxe4 35. g3 d5 36. Rd6 d4 37. Kf2 Rg4 38.
Kf3 Kf8 39. Rd8+ Ke7 40. Rd5 f6 41. Ra5 g5 42. Ra7+ Ke6 43. Ra6+ Kf5 44.
Ra5+ Kg6 45. hxg5 Rxg5 46. Ra8 Rd5 47. Ke4 Rd7 48. Rg8+ Kh7 49. Ra8 d3 50.
Ra1 d2 51. Rd1 Kg6 52. Ke3 Kg5 53. Kf3 f5 54. Kg2 Kg4 55. Kf2 Rd3 56. Ke2
Rxg3 57. Kxd2 h4 58. Ke2 h3 59. Kf2 Rg2+ 60. Kf1 f4 61. Rd8 Rb2 62. Rg8+ Kf3
63. Kg1 Rg2+ 64. Rxg2 hxg2 {White resigns} 0-1

[Event "ICC tourney 3232 (40 10)"]
[Site "Internet Chess Club"]
[Date "2023.07.08"]
[Round "4"]
[White "Tang, Austin:Mrpeetapizza"]
[Black "YUAN, SERENA:doudou2011"]
[Result "1-0"]
[ICCResult "Black resigns"]
[WhiteElo "2056"]
[BlackElo "1885"]
[Opening "Sicilian: Nimzovich-Rossolimo attack (without ...d6)"]
[ECO "B30"]
[NIC "SI.31"]
[Time "17:45:16"]
[PlyCount "85"]
[TimeControl "2400+10"]

1. e4 c5 2. Nf3 Nc6 3. Bb5 Nf6 4. e5 Nd5 5. Nc3 Nc7 6. Bxc6 dxc6 7. h3 g6 8.
O-O Bg7 9. d3 O-O 10. Ne4 Ne6 11. Be3 b6 12. a4 a5 13. Re1 Qc7 14. Neg5 Bxe5
15. Nxe6 Bxe6 16. Nxe5 Qxe5 17. Bh6 Qxb2 18. Bxf8 Rxf8 19. Qb1 Qxb1 20.
Raxb1 Rb8 21. Re5 b5 22. axb5 cxb5 23. Rxc5 b4 24. Rxa5 b3 25. cxb3 Rxb3 26.
Rxb3 Bxb3 27. f4 Kg7 28. Kf2 Kf6 29. Ke3 Be6 30. g4 h6 31. g5+ hxg5 32.
fxg5+ Kg7 33. Ra7 Kf8 34. Ra8+ Kg7 35. Re8 Bxh3 36. Rxe7 Kf8 37. Ra7 Be6 38.
Kf4 Bf5 39. d4 Ke8 40. Ke5 Bd7 41. d5 Bf5 42. Kf6 Be4 43. Re7+ {Black
resigns} 1-0

[Event "ICC tourney 3232 (40 10)"]
[Site "Internet Chess Club"]
[Date "2023.07.08"]
[Round "4"]
[White "BOYLIN, JOHN:Jupiter2008"]
[Black "POWER, SEAN K:KnightHopper"]
[Result "0-1"]
[ICCResult "White checkmated"]
[WhiteElo "2036"]
[BlackElo "1944"]
[Opening "QGD semi-Slav: Stoltz variation"]
[ECO "D45"]
[NIC "SL.08"]
[Time "17:45:21"]
[PlyCount "82"]
[TimeControl "2400+10"]

1. d4 d5 2. c4 c6 3. Nc3 Nf6 4. Nf3 e6 5. e3 Nbd7 6. Qc2 Bd6 7. Bd3 dxc4 8.
Bxc4 b5 9. Be2 Bb7 10. O-O O-O 11. e4 e5 12. dxe5 Nxe5 13. Nxe5 Bxe5 14. Be3
b4 15. Na4 Nd7 16. f4 Bc7 17. Rad1 Qe7 18. Kh1 Rfe8 19. Bf3 Ba6 20. Qxc6 Nb6
21. Rfe1 Rac8 22. Nxb6 Bxb6 23. Qa4 Bxe3 24. Rxe3 Bc4 25. Rd7 Qf6 26. Qxb4
Qxf4 27. Rc3 Be6 28. Rd1 h6 29. Ra3 g5 30. g3 Qf6 31. Qd4 Qxd4 32. Rxd4 Rc2
33. b3 Bh3 34. Rxa7 Rf2 35. Rd1 Rxf3 36. b4 Rxe4 37. b5 Re2 38. b6 Rff2 39.
b7 Rxh2+ 40. Kg1 Reg2+ 41. Kf1 Rh1# {White checkmated} 0-1

[Event "ICC tourney 3232 (40 10)"]
[Site "Internet Chess Club"]
[Date "2023.07.08"]
[Round "4"]
[White "Belous, Vladimir:Openyagami"]
[Black "Volkov, Sergey:Volkov"]
[Result "0-1"]
[ICCResult "White resigns"]
[WhiteElo "2599"]
[BlackElo "2501"]
[Opening "Caro-Kann: anti-anti-Caro-Kann defense"]
[ECO "A11"]
[NIC "EO.64"]
[Time "17:45:37"]
[PlyCount "90"]
[TimeControl "2400+10"]

1. c4 c6 2. e4 d5 3. e5 Bf5 4. d4 e6 5. Nc3 h6 6. Nge2 Ne7 7. Ng3 Bg6 8. Bd3
dxc4 9. Bxc4 Nd7 10. h4 Nb6 11. Bb3 Nf5 12. h5 Bh7 13. Nxf5 Bxf5 14. Be3 Be7
15. g4 Bh7 16. f4 Bh4+ 17. Kf1 Be7 18. Qf3 Qd7 19. a4 a5 20. Rc1 Bd3+ 21.
Kg2 Bc4 22. Bxc4 Nxc4 23. Bf2 Bb4 24. Ne4 Nd2 25. Nxd2 Bxd2 26. Rc2 Bb4 27.
Rhc1 Rd8 28. Qe4 Qd5 29. Qxd5 Rxd5 30. Kf3 O-O 31. f5 f6 32. Ke4 Re8 33.
fxe6 Rxe6 34. Kf5 Kf7 35. Re2 Bd6 36. g5 fxe5 37. g6+ Ke7 38. dxe5 Rexe5+
39. Rxe5+ Rxe5+ 40. Kg4 Ke6 41. Bh4 Re4+ 42. Kh3 Be5 43. Rf1 Rxa4 44. Rf7
Rb4 45. Be7 Rf4 {White resigns} 0-1

[Event "ICC tourney 3232 (40 10)"]
[Site "Internet Chess Club"]
[Date "2023.07.08"]
[Round "4"]
[White "CHEN, RYO WENYU:e4f5"]
[Black "POTHURI, ABHIRAM SAI:chessasp"]
[Result "1-0"]
[ICCResult "Black resigns"]
[WhiteElo "2288"]
[BlackElo "2079"]
[Opening "Sicilian: Pelikan, Chelyabinsk variation"]
[ECO "B33"]
[NIC "SI.37"]
[Time "17:45:19"]
[PlyCount "85"]
[TimeControl "2400+10"]

1. e4 c5 2. Nf3 Nc6 3. d4 cxd4 4. Nxd4 Nf6 5. Nc3 e5 6. Ndb5 d6 7. Bg5 a6 8.
Na3 b5 9. Nd5 Be7 10. Bxf6 Bxf6 11. c3 O-O 12. Nc2 Rb8 13. g3 Bg5 14. Bg2
Ne7 15. Ncb4 Bb7 16. O-O a5 17. Nxe7+ Bxe7 18. Nd5 Bxd5 19. Qxd5 Qb6 20.
Rfd1 Rfc8 21. a3 g6 22. Bf1 Rc5 23. Qb3 Qb7 24. Bg2 Qc6 25. Rd3 Rc4 26. Rd5
Rb6 27. Rad1 Kg7 28. Bf1 Rc5 29. Bh3 Rc4 30. Bg2 Rc5 31. h4 h5 32. Bh3 Rc4
33. Bf1 Rc5 34. R1d3 Bf8 35. Bh3 Rc4 36. Rf3 b4 37. axb4 axb4 38. Bf1 bxc3
39. Qxc4 Qxc4 40. Bxc4 cxb2 41. Rxf7+ Kg8 42. Rd1 b1=Q 43. Rb7+ {Black
resigns} 1-0